AoeStats
← Pab10

Arena

510026899Analyzed
4v4 RM · 4d ago on Sep 29, 2026· 38m 2s· 8 players
Game mode
Random Map
Map size
Large (8 player)
Population
200
Speed
Normal
Resources
Standard
Victory
Conquest
Starting age
Dark Age
Ending age
Imperial Age
RankedLock teamsTeams togetherTeam positionsShared explorationLock speedFull tech treeHidden civsTurbo modeCheats
Victory
Defeat
🇦🇷 Maya · Argentina
1548
+7
🇦🇷 Mongols · Argentina
1436
+10
🇳🇴 Celts · Norway
1405
+11
🇦🇷 Mapuche · Argentina
1294
+15
🇨🇦 Malay · Canada
1308
-11
🇫🇷 Portuguese · France
1302
-11
🇨🇦 Goths · Canada
1297
-11
🇨🇴 Bengalis · Colombia
1289
-10
Abhinav
9:51 Feudal Age
9:21 Loom
11:23 Double-Bit Axe
11:38 Fletching
16:23 Stone Mining
21:01 Castle Age
19:53 Horse Collar
21:09 Gold Mining
21:48 Scale Barding Armor
21:55 Forging
22:13 Bow Saw
23:47 Forging
23:58 Chain Barding Armor
24:30 Light Cavalry
25:19 Devotion
26:46 Iron Casting
29:18 Town Watch
32:04 Wheelbarrow
33:06 Bloodlines
32:17 Light Cavalry
33:45 Husbandry
Cryptomage
13:43 Feudal Age
11:59 Loom
15:11 Horse Collar
15:18 Double-Bit Axe
15:25 Gold Mining
15:26 Stone Mining
18:30 Castle Age
21:31 Bow Saw
24:33 Fletching
30:00 Bodkin Arrow
34:19 Pikeman
SantiGz
10:54 Feudal Age
12:21 Wheelbarrow
11:34 Loom
14:30 Castle Age
12:50 Double-Bit Axe
12:45 Horse Collar
16:04 Town Watch
28:35 Imperial Age
26:08 Stone Mining
27:10 Gold Mining
27:51 Heavy Plow
28:02 Bow Saw
29:11 Scale Barding Armor
29:19 Onager
32:51 Siege Elephant
33:04 Light Cavalry
35:42 Bloodlines
36:25 Siege Engineers
AgRiMz
11:39 Feudal Age
15:11 Castle Age
14:33 Scale Barding Armor
15:22 Loom
21:21 Double-Bit Axe
23:24 Horse Collar
23:55 Bow Saw
24:24 Light Cavalry
27:17 Wheelbarrow
27:50 Heavy Plow
29:30 Forging
30:58 Husbandry
33:57 Imperial Age
32:05 Hand Cart
32:14 Fletching
33:19 Town Watch
33:28 Gold Mining
33:07 Elite Skirmisher
33:44 Bodkin Arrow
33:57 Siege Engineers
36:08 Chemistry
35:20 Masonry
34:54 Treadmill Crane
35:50 Bracer
36:11 Padded Archer Armor
37:38 Ballistics
PNAL | ToroARG
12:03 Feudal Age
12:54 Gold Mining
12:53 Double-Bit Axe
12:52 Horse Collar
15:50 Castle Age
17:11 Gold Shaft Mining
16:49 Bow Saw
16:42 Heavy Plow
18:16 Fervor
19:08 Sanctity
21:46 Wheelbarrow
25:12 Hand Cart
25:34 Town Watch
27:30 Stone Mining
31:15 Imperial Age
28:53 Loom
29:41 Town Patrol
32:37 Theocracy
34:15 Crop Rotation
34:22 Stone Shaft Mining
PNAL | ale_petro
10:11 Feudal Age
10:46 Double-Bit Axe
10:43 Horse Collar
17:30 Gold Mining
21:16 Wheelbarrow
PNAL | Machete
6:08 Loom
8:42 Feudal Age
11:15 Padded Archer Armor
11:06 Fletching
17:01 Double-Bit Axe
20:48 Horse Collar
24:12 Castle Age
22:26 Gold Mining
25:07 Heavy Plow
25:20 Bow Saw
29:08 Imperial Age
28:31 Scale Mail Armor
29:40 Wheelbarrow
29:44 Chain Mail Armor
29:44 Forging
30:20 Capped Ram
32:21 Plate Mail Armor
32:47 Hand Cart
32:41 Pikeman
34:56 Town Watch
36:46 Halberdier
Pab10
10:59 Feudal Age
14:37 Castle Age
13:14 Double-Bit Axe
13:09 Horse Collar
13:21 Gold Mining
13:27 Stone Mining
13:33 Stone Mining
13:37 Fletching
13:33 Loom
15:36 Bow Saw
15:22 Bodkin Arrow
17:35 Padded Archer Armor
19:11 Fervor
23:09 Imperial Age
20:47 Treadmill Crane
22:15 Ballistics
23:48 Stone Shaft Mining
23:49 Wheelbarrow
23:24 Herbal Medicine
24:37 Bracer
25:41 Chemistry
26:09 Leather Archer Armor
27:07 Conscription
27:21 Ring Archer Armor
26:59 Thumb Ring
28:24 Elite Plumed Archer
29:52 Hand Cart
31:23 Murder Holes
32:47 Squires
32:33 Arson
32:08 Eagle Warrior
32:51 Scale Mail Armor
32:54 Town Watch
34:17 Holcans
34:38 Guilds
35:40 Elite Eagle Warrior
36:41 Chain Mail Armor
37:26 Forging
Connection lost

Rejoining the realm…

Still unreachable

The connection could not be restored.

Session expired

The server has moved on; the page needs a fresh start.